Map: 2000 Atmospheres LE

Players

Nordres - Winner!

  • Race: Zerg Zerg
  • League: Master

Micromancer

  • Race: Terran Terran
  • League: Master

VOD

Have the link to the VOD?

Description

Time

  • Played on: May 21, 2021, 5:47 p.m.
  • Length: 24:37
Show
View Real Time Build Order
Export as new Build Order

Nordres Zerg - Winner!

Build Orders: Hatch First, Lurkers 

Get SALT Encoding   

  12  0:00  Drone  
  13  0:13  Overlord  
  13  0:19  Drone  
  14  0:31  Drone x2  
  16  0:49  Hatchery  
  15  0:52  Drone  
  15  0:55  Drone  
  17  0:59  Drone  
  18  1:09  Extractor  
  17  1:13  Spawning Pool  
  17  1:17  Drone  
  17  1:20  Drone  
  18  1:29  Drone  
  19  1:39  Drone  
  20  1:50  Drone  
  21  2:00  Queen  
  21  2:01  Queen  
  23  2:02  Zergling x4  
  27  2:13  Hatchery  
  26  2:18  Overlord  
  26  2:26  Drone  
  26  2:27  Drone  
  28  2:35  Spore Crawler  
  27  2:37  Drone  
  27  2:38  Drone x2  
  31  2:53  Metabolic Boost  
  31  2:54  Drone  
  31  2:55  Overlord  
  31  2:56  Queen  
  31  2:57  Drone  
  36  2:58  Drone  
  36  3:13  Drone x2  
  36  3:14  Drone x2, Overlord  
  40  3:23  Drone x2  
  40  3:25  Queen  
  44  3:28  Drone x2  
  46  3:39  Drone x2  
  46  3:40  Drone, Queen  
  51  3:42  Queen  
  51  3:47  Drone  
  51  3:48  Drone x3  
  57  3:51  Zergling x2  
  57  3:52  Overlord  
  58  4:01  Overlord  
  58  4:06  Spore Crawler  
  55  4:16  Zergling x4  
  55  4:17  Zergling x4, Queen  
  59  4:19  Overlord x2  
  61  4:37  Roach Warren, Lair  
  59  4:38  Evolution Chamber  
  59  4:39  Drone x4  
  59  4:40  Extractor, Drone x3  
  59  4:41  Extractor  
  59  4:42  Drone x3  
  66  4:50  Overlord x2  
  64  5:11  Evolution Chamber  
  63  5:24  Drone x2  
  63  5:25  Zerg Ground Armor Level 1  
  63  5:26  Zergling x22  
  76  5:30  Drone x7  
  83  5:45  Glial Reconstitution  
  83  5:51  Drone  
  83  5:52  Drone x4, Extractor  
  83  5:54  Extractor  
  83  5:55  Drone x3  
  89  5:59  Zerg Missile Weapons Level 1  
  89  6:10  Drone x3, Roach  
  89  6:11  Roach x2  
  98  6:16  Overseer  
  97  6:25  Roach  
  97  6:41  Overlord x4, Hatchery  
  97  6:42  Overlord  
  96  6:54  Drone  
  97  7:02  Roach x2  
  97  7:03  Roach x15  
  132  7:15  Roach  
  132  7:16  Roach x2  
  132  7:18  Drone, Extractor  
  132  7:19  Drone  
  137  7:28  Overlord x3  
  133  7:33  Ravager x4  
  121  7:49  Roach  
  121  7:50  Roach x10  
  115  7:58  Roach x2  
  115  7:59  Roach x3  
  115  8:03  Hatchery  
  120  8:08  Zergling x10  
  125  8:15  Zergling x2  
  125  8:19  Ravager  
  120  8:37  Roach x11  
  140  8:47  Roach x4  
  123  8:59  Roach  
  123  9:00  Roach x7  
  121  9:04  Spire  
  118  9:15  Roach  
  118  9:16  Roach x6  
  126  9:43  Zergling x20  
  132  9:46  Drone x4  
  132  9:50  Zerg Missile Weapons Level 2  
  132  9:51  Zerg Ground Armor Level 2  
  128  9:59  Ravager x4  
  128  10:04  Drone x9  
  128  10:06  Extractor  
  136  10:07  Extractor  
  135  10:14  Zergling x8  
  135  10:15  Zergling x6, Hatchery  
  105  10:31  Roach x9  
  109  10:41  Roach x5  
  119  10:53  Infestation Pit  
  119  10:55  Hydralisk Den  
  119  10:56  Roach  
  125  10:57  Roach x11  
  125  11:00  Ravager x2  
  142  11:08  Roach x6  
  154  11:20  Roach  
  154  11:21  Roach  
  153  11:34  Roach x6  
  153  11:39  Hive  
  164  11:41  Overlord x2  
  164  11:42  Overlord  
  164  11:47  Drone  
  164  11:48  Overlord x4  
  164  11:49  Overlord  
  168  12:01  Ravager x4  
  163  12:10  Hydralisk x6  
  163  12:11  Hydralisk  
  177  12:15  Drone  
  177  12:16  Drone x3  
  181  12:33  Zergling x2  
  181  12:34  Zergling x18  
  191  12:39  Lurker Den, Hatchery  
  188  12:56  Roach  
  188  12:57  Roach x11  
  185  13:08  Roach x7  
  174  13:24  Roach x10  
  174  13:25  Roach x5  
  174  13:26  Zergling x12  
  185  13:37  Adaptive Talons  
  184  13:47  Zergling x8  
  186  13:54  Lurker x4  
  186  13:55  Hydralisk x3  
  190  13:56  Hydralisk  
  198  14:03  Zergling x2  
  199  14:19  Extractor  
  199  14:21  Extractor  
  196  14:34  Seismic Spines  
  193  14:44  Hatchery  
  186  14:50  Hydralisk x9  
  194  14:52  Grooved Spines  
  194  14:55  Viper x2  
  198  15:04  Lurker x2  
  200  15:13  Lurker  
  200  15:14  Lurker  
  200  15:30  Zerg Missile Weapons Level 3  
  200  15:38  Greater Spire  
  138  16:04  Muscular Augments  
  138  16:06  Roach x11  
  138  16:07  Roach x2  
  138  16:09  Hydralisk x7  
  138  16:10  Roach x6  
  138  16:11  Roach x7  
  197  16:15  Drone x2  
  193  16:56  Lurker x5  
  193  16:57  Lurker  
  156  17:39  Roach x3  
  156  17:40  Hydralisk, Roach x16  
  156  17:41  Hydralisk x2  
  194  18:21  Lurker x3  
  194  18:22  Lurker x3  
  174  18:49  Hatchery  
  174  18:51  Hydralisk x10  
  193  18:58  Hatchery  
  168  19:25  Zergling x2  
  167  19:37  Hydralisk x7, Roach x4  
  183  19:56  Drone x10  
  174  20:19  Roach x14  
  174  20:20  Roach  
  192  20:25  Zergling x2  
  192  20:28  Drone x6  
  196  20:30  Extractor  
  196  20:31  Extractor  
  197  20:40  Viper  
  179  21:01  Zergling x2  
  139  21:25  Hydralisk x13  
  110  21:26  Hydralisk x3, Roach  
  110  21:27  Roach x12  
  110  21:29  Viper  
  160  21:53  Lurker  
  160  21:54  Lurker x6  
  164  21:56  Roach x9  
  185  22:09  Overseer x3  
  185  22:15  Hatchery  
  181  22:59  Pneumatized Carapace  
  181  23:01  Hydralisk x9  
  181  23:03  Zergling x2  
  184  23:43  Hatchery  
Show
View Real Time Build Order
Export as new Build Order

Micromancer Terran 

Build Orders: Reaper Expand 

Get SALT Encoding   

  12  0:05  SCV  
  13  0:15  Supply Depot  
  13  0:18  SCV  
  14  0:30  SCV  
  15  0:40  Barracks  
  15  0:42  SCV  
  16  0:46  Refinery  
  16  0:54  SCV  
  17  1:06  SCV  
  18  1:18  SCV  
  19  1:30  Orbital Command, Reaper  
  20  1:42  Command Center  
  20  1:52  Supply Depot  
  20  1:56  SCV  
  21  2:02  Marine  
  22  2:08  Factory  
  22  2:11  SCV  
  23  2:23  SCV  
  23  2:24  Barracks Reactor  
  24  2:35  SCV  
  25  2:47  SCV, Command Center  
  25  2:57  Orbital Command  
  25  3:06  Starport  
  25  3:08  Hellion  
  25  3:11  Hellion  
  29  3:14  SCV  
  29  3:16  Barracks Tech Lab  
  30  3:20  Refinery  
  30  3:23  SCV  
  30  3:27  SCV  
  32  3:32  Hellion  
  36  3:34  Hellion  
  36  3:36  SCV  
  36  3:41  SCV  
  38  3:46  Supply Depot  
  38  3:51  SCV  
  38  3:52  Marine  
  38  3:53  Banshee, SCV  
  44  3:59  SCV  
  45  4:03  SCV  
  45  4:09  SCV  
  47  4:11  Barracks Tech Lab  
  47  4:12  Orbital Command  
  47  4:17  Barracks  
  47  4:21  SCV, Barracks  
  47  4:23  Factory Reactor  
  48  4:30  SCV  
  49  4:33  SCV  
  49  4:34  Marine  
  49  4:37  Engineering Bay  
  51  4:39  Banshee  
  51  4:43  SCV  
  55  4:45  SCV  
  55  4:47  SCV  
  55  4:48  Engineering Bay  
  57  4:57  Marine  
  57  4:58  SCV x2  
  58  5:02  Supply Depot  
  58  5:03  Refinery  
  58  5:05  Stimpack  
  58  5:06  SCV  
  59  5:10  SCV, Marine x2  
  59  5:13  Marine x2  
  64  5:16  Terran Infantry Weapons Level 1  
  64  5:18  Marine, Terran Infantry Armor Level 1  
  64  5:20  SCV x2  
  67  5:22  Refinery  
  67  5:24  SCV  
  67  5:26  Supply Depot  
  68  5:29  Marine x2  
  68  5:35  Marine x2  
  71  5:36  Siege Tank  
  71  5:37  SCV x2  
  77  5:47  Marine x2  
  77  5:49  Supply Depot x2  
  79  5:51  Marine  
  79  5:53  Supply Depot x2, SCV x2  
  79  5:55  Marine  
  79  5:56  Marine  
  84  5:59  Orbital Command  
  84  6:05  Marine  
  84  6:07  Barracks  
  84  6:08  Barracks, Starport Reactor  
  84  6:10  SCV  
  86  6:13  Siege Tank  
  86  6:14  Marine x2  
  91  6:22  Marine x2  
  91  6:23  Marine  
  91  6:27  SCV x2  
  93  6:37  SCV  
  94  6:42  Marine x2  
  94  6:43  Marine x3  
  94  6:45  Combat Shield  
  94  6:47  Armory, SCV  
  100  6:48  Missile Turret  
  100  6:49  Supply Depot  
  100  6:51  Siege Tank  
  100  6:53  SCV x2  
  102  6:59  Supply Depot, SCV  
  102  7:00  Supply Depot, Marine x2  
  105  7:05  Marine  
  105  7:07  Medivac  
  105  7:08  Medivac  
  110  7:10  Marine  
  110  7:11  Barracks Reactor  
  110  7:12  Barracks Reactor  
  112  7:15  SCV x2  
  111  7:32  SCV  
  111  7:33  SCV, Marine x3  
  111  7:34  Siege Tank  
  111  7:36  Terran Infantry Weapons Level 2, Terran Infantry Armor Level 2  
  105  7:44  Marine x2  
  105  7:49  Marine x4  
  105  7:51  Marine  
  92  7:55  Marine  
  81  8:01  Marine  
  81  8:02  Medivac x2, Marine  
  81  8:03  SCV x3  
  81  8:04  Marine  
  86  8:06  Marine  
  87  8:13  Marine x2  
  87  8:14  Siege Tank  
  87  8:15  SCV x2  
  87  8:16  Marine x2  
  87  8:17  SCV  
  97  8:22  Refinery x2  
  97  8:24  Factory  
  97  8:25  Marine x3  
  97  8:26  Marine  
  103  8:27  Marauder  
  73  8:48  Marine x2  
  73  8:49  Marauder  
  73  8:50  SCV x2  
  73  8:51  Marine x2  
  73  8:52  Marine x2  
  73  9:00  Marine x2  
  73  9:02  SCV x2  
  72  9:03  SCV  
  72  9:06  Marine x2  
  72  9:07  Medivac x2, Siege Tank  
  82  9:10  Marauder  
  82  9:11  Supply Depot  
  82  9:12  Factory Tech Lab  
  82  9:16  Marine x2  
  82  9:17  Marine x2  
  86  9:22  Marine x2  
  86  9:23  SCV  
  89  9:25  Marine  
  89  9:29  Marine  
  89  9:31  Marine  
  89  9:32  Siege Tank  
  89  9:38  Marine x2  
  91  9:39  Siege Tank  
  91  9:45  Marine x4  
  92  9:46  Marine  
  92  9:50  Marauder  
  93  9:53  SCV x2  
  93  9:54  SCV  
  93  9:59  Concussive Shells  
  96  10:04  Marine x2  
  96  10:05  SCV  
  96  10:06  SCV x2  
  101  10:11  Marauder  
  103  10:17  Marine x2  
  103  10:18  Factory Tech Lab, SCV x3  
  108  10:21  Medivac  
  108  10:22  Medivac  
  108  10:25  Siege Tank  
  106  10:32  Marauder, Marine  
  109  10:38  Supply Depot  
  109  10:39  Supply Depot  
  109  10:46  Supply Depot, SCV x3, Marine x5  
  117  11:00  Supply Depot, Medivac, Siege Tank, Marine, Marauder  
  117  11:01  Siege Tank  
  117  11:03  Supply Depot  
  128  11:04  Missile Turret  
  128  11:05  SCV  
  128  11:06  SCV  
  130  11:13  Marine x3  
  130  11:14  SCV  
  130  11:17  Marine  
  128  11:37  Marine x4  
  128  11:38  Marauder, Siege Tank, Marine  
  128  11:39  Siege Tank  
  141  11:43  Terran Infantry Weapons Level 3  
  141  11:50  Marine x2  
  141  11:51  Marine  
  144  12:07  Command Center  
  140  12:11  Marine x2  
  140  12:12  Marauder, Marine x2  
  140  12:13  Siege Tank  
  147  12:19  Barracks  
  147  12:20  Marine x2, Barracks  
  147  12:21  Barracks  
  149  12:24  Marine, Terran Vehicle Weapons Level 1  
  150  12:31  Marine x2  
  150  12:32  Supply Depot  
  150  12:34  Marauder  
  154  12:37  Marine  
  154  12:40  Supply Depot  
  155  12:44  Terran Infantry Armor Level 3  
  154  12:55  Marine x4  
  154  12:56  Marauder, Marine x2  
  148  13:02  Marine x2  
  148  13:05  SCV x2  
  144  13:11  Barracks Tech Lab  
  145  13:13  Barracks Tech Lab x2  
  145  13:16  Marine x3  
  145  13:17  Marauder  
  121  13:32  Marine x3  
  121  13:33  Marauder, Siege Tank, Marine x2  
  121  13:34  Siege Tank  
  129  13:41  Marine  
  129  13:42  Marauder, Marine x2  
  131  13:54  SCV x2  
  133  14:01  Supply Depot, Missile Turret, Marine x2  
  135  14:03  Supply Depot  
  135  14:05  Planetary Fortress  
  135  14:13  Siege Tank  
  135  14:15  SCV x2  
  135  14:17  Supply Depot, SCV  
  141  14:22  Marine x3  
  141  14:23  Marauder  
  146  14:31  Marine x2  
  145  14:32  Marauder  
  147  14:41  Terran Vehicle Weapons Level 2  
  129  14:54  Marine x3  
  129  14:55  Marauder x2, Marine x2  
  129  14:56  Siege Tank x2  
  139  15:01  Marine  
  139  15:02  Marauder  
  139  15:06  Missile Turret, Refinery  
  141  15:07  Refinery  
  141  15:09  Sensor Tower  
  141  15:10  Missile Turret  
  141  15:12  Missile Turret  
  140  15:15  Marine  
  140  15:16  Sensor Tower  
  140  15:17  Medivac  
  140  15:19  Supply Depot  
  143  15:29  Marine x2  
  143  15:30  Marauder  
  147  15:36  Marine, Siege Tank  
  147  15:37  Marauder, Marine  
  154  15:47  Hi-Sec Auto Tracking, Neosteel Armor  
  151  15:53  Marine x2  
  151  15:54  Marauder  
  143  15:58  Marine x2  
  143  15:59  Marauder x2, Marine  
  133  16:08  Marauder, Marine x2  
  125  16:15  Marauder  
  125  16:16  Marine  
  128  16:19  Marine  
  128  16:20  Marauder  
  128  16:21  Marauder  
  128  16:25  Medivac x2  
  137  16:28  Marine  
  137  16:29  Marine  
  139  16:33  Marine  
  139  16:37  Marine x2  
  139  16:38  Marauder  
  133  16:54  Marine  
  133  16:55  Marauder, Marine x3  
  133  16:57  Medivac x2  
  133  16:58  Marine  
  111  17:30  Marine  
  111  17:31  Marine x6  
  111  17:32  Marauder x3, Siege Tank x2  
  111  17:33  Medivac  
  126  17:45  Marine  
  126  17:46  Marine  
  126  17:53  Marauder  
  126  17:57  Marine x2  
  126  17:58  Marauder  
  123  18:06  Marine  
  123  18:07  Marauder, Marine  
  123  18:09  Marauder, Marine x2  
  126  18:13  Marine  
  126  18:14  Marauder  
  126  18:16  Marine  
  126  18:17  Siege Tank  
  126  18:19  Marauder  
  135  18:20  Marine  
  136  18:29  Marauder  
  132  18:44  Marine x2  
  132  18:45  Marauder  
  132  18:46  Marine x3  
  132  18:47  Marauder x2  
  143  18:57  Marine x2  
  143  18:58  Marauder, Siege Tank x2  
  143  18:59  Medivac  
  152  19:21  Command Center  
  152  19:26  Marine x2  
  152  19:27  Marauder  
  152  19:29  Marine  
  152  19:30  Marauder  
  159  19:35  Supply Depot x2  
  157  19:49  Liberator x2  
  157  19:50  Marine x2  
  153  19:59  Marine  
  155  20:00  Marauder  
  120  20:14  Marine x2  
  120  20:15  Marauder  
  120  20:21  Marine x2  
  110  20:22  Marauder  
  110  20:24  Siege Tank x2  
  120  20:41  Missile Turret  
  120  20:44  Missile Turret  
  120  20:45  Marine x3  
  120  20:46  Marauder x2  
  127  21:00  Missile Turret  
  127  21:01  Marine x2  
  127  21:02  Marauder  
  131  21:14  Marauder, Marine x2  
  113  21:23  Marine x2  
  113  21:24  Marauder, Marine  
  105  21:28  Marine x2  
  105  21:30  Planetary Fortress  
  105  21:31  Marine  
  108  21:40  Marine x2  
  108  21:41  Marauder  
  108  21:43  Marine  
  108  21:44  Marauder  
  115  21:48  Siege Tank  
  118  21:55  Missile Turret x2  
  118  21:56  Refinery  
  118  22:02  Marine x2  
  118  22:03  Marauder, Medivac x2  
  118  22:08  Marine x2  
  128  22:18  Sensor Tower  
  128  22:24  Marine x2  
  128  22:25  Marauder  
  131  22:32  Missile Turret  
  131  22:33  Medivac  
  130  22:47  Marine x2  
  130  22:48  Marauder, Siege Tank  
  134  22:53  Missile Turret  
  134  22:55  Missile Turret  
  134  22:57  Marine x2  
  134  22:58  Marauder, Siege Tank  
  140  23:04  Missile Turret  
  140  23:11  Marine  
  140  23:12  Marauder, Missile Turret, Marine  
  144  23:16  SCV, Refinery  
  120  23:46  Marauder, Marine x2  
  120  23:47  SCV, Siege Tank x2  
  120  23:48  SCV x3  
  124  23:49  Marine  
  124  23:50  Marauder  
  124  23:54  Command Center  
  202  23:55  Viking x2, Missile Turret  
  109  24:04  Marine x3  
  109  24:05  Marauder x2  
  101  24:11  Marine x2  
Tags
 
Add a new tag
Caveats
  • Supply blocks, unpowered buildings, or Contaminate may cause inaccurate times.
  • Supply counts are checked every 10 seconds.